 Dungeon Crawl Stone Soup version 0.21.0-24-g2553a33 (webtiles) character file.

1596 Mgcat the Cleaver (level 8, -1/58 HPs)
             Began as a Demonspawn Fighter on Jan 19, 2018.
             Slain by a quokka (2 damage)
             ... on level 6 of the Dungeon.
             The game lasted 00:18:26 (7348 turns).

Mgcat the Cleaver (Demonspawn Fighter)              Turns: 7348, Time: 00:18:27

Health: -1/58      AC:  1    Str: 16    XL:     8   Next: 62%
Magic:  8/8        EV:  8    Int:  9    God:
Gold:   189        SH:  9    Dex: 16    Spells: 7/7 levels left

rFire    + + .     SeeInvis +   l - +2 spear (vamp)
rCold    x . .     Gourm    .   c - +0 shield
rNeg     . . .     Faith    .   i - +1 fire dragon scales
rPois    .         Spirit   .   (helmet unavailable)
rElec    .         Reflect  .   d - scarf {repulsion}
rCorr    .         Harm     .   (no gloves)
MR       .....                  (no boots)
Stlth    ..........             (no amulet)
HPRegen  0.19/turn              (no ring)
MPRegen  0.11/turn              (no ring)

@: corroded, repel missiles
A: antennae 3, repulsion field 1
a: no special abilities


You were on level 6 of the Dungeon.
You were not hungry.

You visited 1 branch of the dungeon, and saw 6 of its levels.

You collected 211 gold pieces.
You spent 22 gold pieces at shops.

Inventory:

Hand Weapons
 a - a +0 war axe
 j - a +0 flail of protection
 l - a +2 vampiric spear (weapon)
Armour
 b - a +0 scale mail
 c - a +0 shield (worn)
 d - a scarf of repulsion (worn)
 i - +1 fire dragon scales (worn)
Jewellery
 n - a +3 ring of protection {unknown}
 v - a cursed -3 ring of intelligence
 w - an uncursed ring of poison resistance {unknown}
Wands
 x - a wand of paralysis (9)
Scrolls
 h - a scroll of noise
 o - a scroll of teleportation
 r - 2 scrolls of remove curse
 t - a scroll of identify
 u - a scroll of fear
Potions
 e - 2 potions of curing {unknown}
 g - a potion of degeneration {unknown}
 k - 2 potions of brilliance
 m - a potion of invisibility {unknown}
 p - a potion of heal wounds {unknown}
 q - a potion of magic {unknown}
 s - a potion of haste {unknown}
 z - a potion of flight {unknown}
Comestibles
 f - 8 rations


   Skills:
 - Level 3.0 Fighting
 + Level 10.1 Axes
 - Level 2.6 Armour
 - Level 2.6 Shields


You had 7 spell levels left.
You didn't know any spells.

Dungeon Overview and Level Annotations

Branches:
Dungeon (6/15)             Temple (0/1) D:6

Altars:
Ashenzari
Elyvilon
Trog

Shops:
D:4 =   D:5 =

Annotations:
D:5 1 runed door
D:6 bmj180's ghost, novice HaFi


Innate Abilities, Weirdness & Mutations

You have a pair of large antennae on your head. (SInv)
You are surrounded by a mild repulsion field. (EV +2)


Message History

You hit the quokka but do no damage. The quokka closely misses you.
You hit the quokka but do no damage. You block the quokka's attack.
You miss the quokka. You block the quokka's attack.
You hit the quokka but do no damage. You block the quokka's attack.
You hit the quokka but do no damage. The quokka barely misses you.
Your shield and fire dragon scales prevent you from hitting the quokka.
The quokka closely misses you.
You hit the quokka but do no damage. The quokka closely misses you.
You hit the quokka but do no damage. The quokka bites you.
* * * LOW HITPOINT WARNING * * *
You hit the quokka but do no damage. You block the quokka's attack.
The quokka barely misses you.
You closely miss the quokka. The quokka barely misses you.
You closely miss the quokka. You block the quokka's attack.
You hit the quokka but do no damage. The quokka bites you.
* * * LOW HITPOINT WARNING * * *
You hit the quokka but do no damage. The quokka bites you.
* * * LOW HITPOINT WARNING * * *
The quokka bites you.
You die...

#. .. #.
...
#.######!..
#..........
#..........
#..........
#.r........
#..@.......
########...


You could see a quokka.

Vanquished Creatures
  Eustachio (D:4)
  A hornet zombie (D:5)
  An ice beast (D:5)
  A black bear (D:6)
  2 ogres (D:4)
  2 phantoms
  A scorpion (D:5)
  A howler monkey (D:5)
  A bullfrog skeleton (D:5)
  A jelly (D:5)
  An orc priest (D:5)
  2 hounds
  A centaur skeleton (D:4)
  An iguana (D:5)
  Natasha (thrice) (D:2)
  2 orc wizards
  5 worker ants
  2 hound skeletons
  12 adders
  5 gnolls
  2 adder skeletons (D:4)
  4 worms
  A dart slug (D:2)
  A leopard gecko (D:2)
  11 orcs
  7 giant cockroaches
  3 goblins
  6 hobgoblins
  6 jackals (D:2)
  5 quokkas
  2 ball pythons
  4 bats
  4 frilled lizards
  7 kobolds
  4 rats
113 creatures vanquished.

Vanquished Creatures (others)
  A kobold (D:3)
1 creature vanquished.

Grand Total: 114 creatures vanquished

Notes
Turn   | Place    | Note
-------+----------+-------------------------------------------
     0 | D:1      | Mgcat the Demonspawn Fighter began the quest for the Orb.
     0 | D:1      | Reached XP level 1. HP: 18/18 MP: 1/1
    30 | D:1      | Reached skill level 2 in Axes
   382 | D:1      | Gained mutation: You are surrounded by a mild repulsion field. (EV +2) [demonic ancestry]
   382 | D:1      | Reached XP level 2. HP: 24/24 MP: 2/2
   555 | D:1      | Reached skill level 3 in Axes
   832 | D:2      | Gained mutation: You have a pair of small antennae on your head. [demonic ancestry]
   832 | D:2      | Reached XP level 3. HP: 26/29 MP: 3/3
  1036 | D:2      | Noticed Natasha
  1057 | D:2      | Killed Natasha
  1057 | D:2      | Reached skill level 4 in Axes
  1057 | D:2      | Gained mutation: You have a pair of antennae on your head. [demonic ancestry]
  1057 | D:2      | Reached XP level 4. HP: 28/35 MP: 4/4
  1273 | D:2      | Found a bloodstained altar of Trog.
  1531 | D:2      | Noticed Natasha
  1543 | D:2      | Killed Natasha
  1543 | D:2      | Reached skill level 5 in Axes
  1543 | D:2      | Reached XP level 5. HP: 21/41 MP: 5/5
  1564 | D:2      | Noticed Natasha
  1717 | D:2      | Killed Natasha
  2153 | D:3      | Found a white marble altar of Elyvilon.
  2359 | D:4      | Gained mutation: You have a pair of large antennae on your head. (SInv) [demonic ancestry]
  2359 | D:4      | Reached XP level 6. HP: 47/47 MP: 6/6
  2396 | D:4      | Reached skill level 6 in Axes
  2997 | D:4      | Noticed Eustachio
  3541 | D:4      | Found Uhionogu's Jewellery Emporium.
  3570 | D:4      | Killed Eustachio
  3570 | D:4      | Reached skill level 7 in Axes
  3570 | D:4      | Reached XP level 7. HP: 52/52 MP: 7/7
  3989 | D:4      | HP: 2/52 [ogre/giant spiked club (22)]
  4369 | D:5      | Entered Level 5 of the Dungeon
  4856 | D:5      | Reached skill level 8 in Axes
  4939 | D:5      | Found a shattered altar of Ashenzari.
  5338 | D:5      | Reached XP level 8. HP: 50/58 MP: 8/8
  5674 | D:4      | Reached skill level 9 in Axes
  5922 | D:5      | Found a runed door.
  6106 | D:5      | Found Jasa's Jewellery Boutique.
  6114 | D:5      | Bought a cursed -3 ring of intelligence for 22 gold pieces
  6882 | D:6      | Found a staircase to the Ecumenical Temple.
  6889 | D:6      | Noticed bmj180's ghost (novice HaFi)
  7315 | D:6      | Reached skill level 10 in Axes
  7347 | D:6      | HP: 1/58 [quokka (3)]
  7348 | D:6      | Slain by a quokka

Skill      XL: |  1  2  3  4  5  6  7  8 |
---------------+-------------------------+-----
Axes           | 2 3 4 5 7 8 10 | 10.1
Fighting       | |  3.0
Armour         | |  2.6
Shields        | |  2.6

Action                   |  1- 3 |  4- 6 |  7- 9 || total
-------------------------+-------+-------+-------++-------
Melee: War axe           |    38 |       |       ||    38
       Spear             |    71 |   322 |   356 ||   749
  Use: Potion            |     1 |     1 |     1 ||     3
       Scroll            |       |       |    10 ||    10
  Eat: Chunk             |     2 |     8 |     6 ||    16
       Ration            |     1 |       |     2 ||     3
Armor: Scale mail        |    17 |       |       ||    17
       Fire dragon scale |    27 |   103 |    97 ||   227
Dodge: Dodged            |    36 |    95 |    79 ||   210
Block: Shield            |    36 |   154 |   121 ||   311
